Map: Temple gelé

Players

KommInsBild - Winner!

  • Race: Protoss Protoss
  • Spawn Location: 5:00

zidar

  • Race: Zerg Zerg
  • League: Silver
  • Spawn Location: 11:00

VOD

Have the link to the VOD?

Description

Time

  • Played on: May 13, 2016, 2:37 p.m.
  • Length: 5:11
Show
View Real Time Build Order
Export as new Build Order

KommInsBild Protoss - Winner!

Build Orders:  

Get SALT Encoding   

  12  0:00  Probe (Chrono Boost)  
  13  0:11  Probe (Chrono Boost)  
  14  0:18  Pylon  
  14  0:22  Probe (Chrono Boost)  
  15  0:36  Gateway  
  15  0:38  Probe (Chrono Boost)  
  16  0:45  Assimilator  
  16  0:55  Probe (Chrono Boost), Pylon  
  17  1:10  Probe (Chrono Boost)  
  18  1:13  Gateway  
  18  1:24  Cybernetics Core  
  18  1:26  Zealot  
  18  1:31  Probe (Chrono Boost)  
  21  1:44  Gateway  
  21  1:45  Probe (Chrono Boost)  
  22  1:54  Zealot  
  22  2:00  Warp Gate (Chrono Boost)  
  24  2:06  Gateway  
  24  2:12  Adept  
  26  2:21  Zealot  
  28  2:24  Assimilator  
  28  2:35  Sentry  
  30  2:41  Pylon  
  30  2:43  Probe  
  31  2:59  Zealot x2, Stalker  
  37  3:09  Pylon  
  36  3:34  Probe  
  36  3:35  Pylon  
  37  3:49  Adept, Stalker  
  37  3:50  Sentry  
  37  3:51  Zealot  
  45  4:00  Pylon  
  45  4:08  Probe  
  46  4:15  Zealot, Stalker  
  46  4:16  Zealot  
  52  4:18  Sentry  
  48  4:52  Zealot  
  48  4:53  Zealot x3  
Show
View Real Time Build Order
Export as new Build Order

zidar Zerg 

Build Orders: Hatch First 

Get SALT Encoding   

  12  0:01  Drone  
  13  0:12  Overlord  
  13  0:17  Drone  
  14  0:33  Drone x2  
  16  0:40  Drone  
  17  0:56  Hatchery  
  16  0:57  Drone  
  17  1:13  Spawning Pool  
  17  1:16  Drone  
  17  1:34  Drone  
  17  1:37  Extractor  
  17  1:41  Drone  
  17  1:42  Overlord  
  18  1:55  Drone  
  19  2:04  Queen  
  21  2:09  Queen  
  23  2:20  Drone x2  
  23  2:21  Drone x3  
  28  2:26  Extractor  
  27  2:31  Overlord  
  27  2:36  Zergling x2  
  28  2:45  Metabolic Boost  
  28  2:52  Drone  
  28  2:53  Drone x2  
  31  3:14  Zergling x8  
  34  3:37  Zergling x14  
  41  3:48  Lair  
  40  4:00  Spine Crawler  
  39  4:04  Zergling x10  
  39  4:07  Overlord x3  
  44  4:14  Roach Warren  
  37  4:36  Zergling x2  
  37  4:37  Zergling x14  
Tags
 
League
Silver
Matchup
PvZ
Spawn Locations
Cross Positions
Add a new tag
Caveats
  • Supply blocks, unpowered buildings, or Contaminate may cause inaccurate times.
  • Supply counts are checked every 10 seconds.